 Dungeon Crawl Stone Soup version 0.30-b1-2-g02819fbbbe (webtiles) character file.

Game seed: 2834193764530740940

1199 Arcadio the Ducker (level 8, -2/60 HPs)
             Began as a Djinni Fire Elementalist on May 16, 2023.
             Was an Initiate of Ashenzari.
             Slain by a bullfrog zombie (5 damage)
             ... in an ossuary.
             The game lasted 00:09:33 (4510 turns).

Arcadio the Ducker (Djinni Fire Elementalist)       Turns: 4510, Time: 00:09:33

Health: -2/60      AC:  3    Str:  7    XL:     8   Next: 72%
Gold:   288        EV: 15    Int: 18    God:    Ashenzari [......] SH:  0 Dex: 15

rFire   + + .        y - +1 short sword (vamp)
rCold   x . .        (no shield)
rNeg    . . .        a - +0 robe
rPois   ∞            (no helmet)
rElec   .            (no cloak)
rCorr   .            j - +0 pair of gloves
SInv    .            (boots unavailable)
Will    .....        (no amulet)
Stlth   ++           (no ring)
HPRegen 0.30/turn    (no ring)
MPRegen 0.00/turn

%: infuse magic (-3 HP)
@: on berserk cooldown, flying, very slightly contaminated, slowed, very slow
A: sickness immunity, fire resistance 2, cold vulnerability 1, float, innate
caster, HP casting, extra vitality 1
a: Renounce Religion


You were in an ossuary.
You worshipped Ashenzari.
Ashenzari was noncommittal.
You visited 2 branches of the dungeon, and saw 7 of its levels.
You also visited: Ossuary.

You collected 288 gold pieces.

Inventory:

Hand Weapons
 c - a +1 dagger of venom
 h - a +2 short sword of speed
 k - a +3 short sword of freezing
 y - a +1 vampiric short sword (weapon)
Missiles
 u - a throwing net
Armour
 a - a +0 robe (worn)
 j - a +0 pair of gloves (worn)
 p - a +4 scale mail of cold resistance
Jewellery
 A - an amulet of regeneration
Scrolls
 e - 2 scrolls of blinking
 f - 4 scrolls of vulnerability
 l - a scroll of fear
 m - a scroll of enchant weapon {unknown}
 o - a scroll of fog
 q - 2 scrolls of teleportation
 s - 4 scrolls of magic mapping
 v - a scroll of poison {unknown}
 w - 2 scrolls of enchant armour {unknown}
Potions
 b - 2 potions of mutation
 d - 3 potions of attraction
 g - a potion of flight
 i - a potion of cancellation
 t - a potion of haste {unknown}
 x - a potion of might {unknown}
 z - a potion of degeneration {unknown}
 B - a potion of brilliance {unknown}
 C - a potion of magic {unknown}


   Skills:
 + Level 5.4 Fighting
 + Level 6.5 Dodging
 - Level 1.5 Stealth
 + Level 5.0 Spellcasting


You knew the following spells:

 Your Spells              Type           Power      Damage    Failure   Level
a - Foxfire               Conj/Fire      88%        2x1d8     1%          1
b - Scorch                Fire           44%        2d6       2%          2
c - Volatile Blastmotes   Fire/Tloc      44%        2d13      4%          3
d - Inner Flame           Hex/Fire       22%        N/A       4%          3
e - Flame Wave            Conj/Fire      22%        2d8       17%         4
f - Beastly Appendage     Tmut           44%        N/A       1%          1
g - Call Imp              Summ           44%        N/A       2%          2
h - Swiftness             Air            22%        N/A       4%          3
Your spell library was empty.

Dungeon Overview and Level Annotations

Branches:
Dungeon (6/15) Zot: 26946  Temple (1/1) D:5 Zot: 5858 Ossuary (1/1) Zot: 5870

Altars:
Ashenzari
Dithmenos
Nemelex Xobeh
Okawaru
Qazlal
Ru
Trog
Uskayaw
Wu Jian
Xom
Zin
The Shining One

Annotations:
D:4 3 runed translucent doors, PeMo's ghost, amateur DsGl


Innate Abilities, Weirdness & Mutations

You are immune to sickness and miasma.
You are immune to poison.
Your flesh is very heat resistant. (rF++)
You are vulnerable to cold. (rC-)
You float through the air rather than walking.
You learn spells naturally, not from books.
Your magical power is your life essence.
You have superior vitality. (+4 MHP)


Message History

The bullfrog zombie is moderately damaged.
The bullfrog zombie closely misses you. The bullfrog zombie misses you.
You hit the bullfrog zombie.
The bullfrog zombie is moderately damaged.
The bullfrog zombie hits you.
* * * LOW HITPOINT WARNING * * *
The bullfrog zombie hits you.
* * * LOW HITPOINT WARNING * * *
You feel better. The bullfrog zombie hits you.
* * * LOW HITPOINT WARNING * * *
The bullfrog zombie completely misses you.
You feel better.
The bullfrog zombie barely misses you. x2
You hit the bullfrog zombie.
The bullfrog zombie is heavily damaged.
The bullfrog zombie barely misses you. The bullfrog zombie closely misses you.
You hit the bullfrog zombie.
The bullfrog zombie is heavily damaged.
The bullfrog zombie hits you. x2
* * * LOW HITPOINT WARNING * * *
Casting: Scorch (safe; 2% risk of failure)
Confirm with . or Enter, or press ? or * to list all spells.
Flames lash the bullfrog zombie.
The bullfrog zombie is severely damaged.
The bullfrog zombie's fire resistance burns away.
* * * LOW HITPOINT WARNING * * *
The bullfrog zombie hits you.
* * * LOW HITPOINT WARNING * * *
The bullfrog zombie barely misses you.
Casting: Scorch (safe; 2% risk of failure)
Confirm with . or Enter, or press ? or * to list all spells.
You miscast Scorch.
You are very lightly contaminated with residual magic.
Nothing appears to happen.
* * * LOW HITPOINT WARNING * * *
The bullfrog zombie hits you but does no damage. x2
You hit the bullfrog zombie.
The bullfrog zombie is severely damaged.
The bullfrog zombie is no longer more vulnerable to fire.
The bullfrog zombie misses you. The bullfrog zombie hits you.
You die...

### #@#
###+#Z#+#+#.~~
#.'....~~~M.~~
###.##'##+##+#
+.#...#
#.#.∩.#
+.#..∩#
#.##### +.


You could see a bullfrog zombie.

Vanquished Creatures
  Grinder (D:4)
  A water moccasin (D:5)
  2 ogres
  A centaur (D:4)
  2 scorpions
  A water moccasin zombie (Ossuary)
  A wyvern zombie (Ossuary)
  2 orc priests
  2 hounds
  An iguana (D:5)
  An orc wizard (D:5)
  A killer bee zombie (Ossuary)
  5 mummies (Ossuary)
  A howler monkey zombie (Ossuary)
  An adder (D:3)
  7 dart slugs
  14 orcs
  9 ball pythons
  3 endoplasms
  3 giant cockroaches
  4 goblins
  7 hobgoblins
  8 quokkas
  7 bats
  3 frilled lizards
  9 kobolds
  5 rats
102 creatures vanquished.

Vanquished Creatures (collateral kills)
  5 foxfires (D:2)
5 creatures vanquished.

Vanquished Creatures (others)
  117 foxfires
  12 plants (D:2)
  5 toadstools (D:1)
  2 withered plants (Ossuary)
136 creatures vanquished.

Grand Total: 243 creatures vanquished

Notes
Turn   | Place    | Note
-------+----------+-------------------------------------------
     0 | D:1      | Arcadio the Djinni Fire Elementalist began the quest for
                  | the Orb.
     0 | D:1      | Arcadio set off with the following spells memorised:
                  | Foxfire, Scorch, Volatile Blastmotes, Inner Flame, Flame
                  | Wave.
     0 | D:1      | Reached XP level 1. HP: 15/15 MP: 0/0
   205 | D:1      | Reached XP level 2. HP: 21/22 MP: 0/0
   287 | D:1      | Reached skill level 1 in Fighting
   514 | D:1      | Reached XP level 3. HP: 27/27 MP: 0/0
   514 | D:1      | Learned a level 1 spell: Beastly Appendage
   838 | D:2      | Reached skill level 3 in Dodging
  1239 | D:2      | Reached XP level 4. HP: 28/32 MP: 0/0
  2513 | D:4      | Noticed a scorpion
  2527 | D:4      | Killed a scorpion
  2528 | D:4      | Reached XP level 5. HP: 33/39 MP: 0/0
  2528 | D:4      | Learned a level 2 spell: Call Imp
  2535 | D:4      | Reached skill level 4 in Dodging
  2672 | D:4      | Reached XP level 6. HP: 39/45 MP: 0/0
  2705 | D:4      | Found a runed translucent gate.
  2706 | D:4      | Found a runed translucent gate.
  2707 | D:4      | Found a runed translucent gate.
  2708 | D:4      | Noticed PeMo's ghost (amateur DsGl)
  2711 | D:4      | Identified the +3 dagger of Objectivity {flame, *Noise
                  | rPois rN+ Will++}
  2711 | D:4      | Identified the +1 chain mail "Fuedasemea" {rF- Int+3 Dex+3}
  2767 | D:4      | Noticed Grinder
  2775 | D:4      | Killed Grinder
  2776 | D:4      | Reached XP level 7. HP: 28/50 MP: 0/0
  2776 | D:4      | Learned a level 3 spell: Swiftness
  2895 | D:4      | Reached skill level 5 in Dodging
  3391 | D:5      | Entered Level 5 of the Dungeon
  3717 | D:5      | Reached XP level 8. HP: 53/58 MP: 0/0
  3868 | D:5      | Found a staircase to the Ecumenical Temple.
  3883 | Temple   | Entered the Ecumenical Temple
  4004 | Temple   | Became a worshipper of Ashenzari the Shackled
  4161 | D:5      | Reached skill level 5 in Fighting
  4161 | D:5      | Reached skill level 6 in Dodging
  4355 | D:6      | Found a sand-covered staircase.
  4389 | Ossuary  | Entered an ossuary
  4481 | Ossuary  | HP: 2/90 [killer bee zombie (4)]
  4488 | Ossuary  | Reached skill level 5 in Spellcasting
  4497 | Ossuary  | HP: 2/60 [bullfrog zombie (6)]
  4503 | Ossuary  | HP: 3/60 [bullfrog zombie (5)]
  4503 | Ossuary  | HP: 1/60 [bullfrog zombie (2)]
  4510 | Ossuary  | Slain by a bullfrog zombie

Illustrated notes

Levels and vault maps discovered:
D:1:      ldierk_walled_garden, layout_loops_ring
D:2:      wad_woods_stonehenge, layout_basic
D:3:      kennysheep_six_static_rooms, layout_basic
D:4:      layout_rooms, biasface_ghost_orc_armoury, uniq_grinder
D:5:      layout_gridville, temple_green, kennysheep_small_circle
D:6:      layout_rooms, serial_shops, shop, enter_ossuary_2
Temple:   dshaligram_water_room_temple
Ossuary:  ossuary_zaba_flooded

Skill      XL: |  1  2  3  4  5  6  7  8 |
---------------+-------------------------+-----
Fighting       | 1 2 3 4 5 |  5.4
Dodging        | 3 4 5 6 |  6.5
Spellcasting   | 3 4 5 |  5.0
Stealth        | |  1.5

Action                     |  1- 3 |  4- 6 |  7- 9 || total
---------------------------+-------+-------+-------++-------
  Melee: Dagger            |     1 |       |       ||     1
         Short sword       |     6 |     3 |    19 ||    28
   Cast: Foxfire           |    55 |    21 |     3 ||    79
         Scorch            |     1 |    39 |    68 ||   108
         Call Imp          |       |       |     1 ||     1
    Use: Scroll            |       |     9 |     3 ||    12
         Potion            |       |       |     5 ||     5
 Armour: Robe              |     9 |     5 |     5 ||    19
  Dodge: Dodged            |    15 |    14 |    44 ||    73
